 Dungeon Crawl Stone Soup version 0.21-a0 (webtiles) character file.

39 Kriby the Magician (level 3, 0/21 HPs)
             Began as an Octopode Wizard on May 20, 2017.
             Succumbed to an adder's poison
             ... on level 1 of the Dungeon.
             The game lasted 00:01:36 (1872 turns).

Kriby the Magician (Octopode Wizard)                Turns: 1872, Time: 00:01:37

Health: 0/21       AC:  1    Str:  6    XL:     3   Next: 45%
Magic:  3/7        EV: 13    Int: 21    God:
Gold:   47         SH:  0    Dex: 10    Spells: 7/8 levels left

rFire    . . .     SeeInvis .   f - +0 short sword
rCold    . . .     Gourm    .   (no shield)
rNeg     + . .     Faith    .   a - +0 hat
rPois    .         Spirit   .   (no amulet)
rElec    .         Reflect  .   l - ring of positive energy
rCorr    .         Harm     .   (no ring)
MR       .....     Rnd*Rage +   (no ring)
Stlth    +++.......             (no ring)
Regen    0.1/turn               (no ring)
MPRegen  0.1/turn               (no ring)
                                (no ring)
                                (no ring)

@: lethally poisoned (0 -> -4), very slightly contaminated
A: almost no armour, stealthy swim, amphibious, 8 rings, constrict 8, tentacle
spike 1, camouflage 1, berserk 1, gelatinous body 1
a: no special abilities


You were on level 1 of the Dungeon.
You were completely stuffed.

You visited 1 branch of the dungeon, and saw 2 of its levels.

You collected 47 gold pieces.

Inventory:

Hand Weapons
 f - a +0 short sword (weapon)
Armour
 a - a +0 hat (worn)
Jewellery
 l - a ring of positive energy (left tentacle)
Scrolls
 d - a scroll of recharging {unknown}
 g - a scroll of blinking {unknown}
 i - 2 scrolls of amnesia {unknown}
 j - a scroll of teleportation {unknown}
 k - a scroll of fear {unknown}
Books
 b - a book of Minor Magic

   Spells                             Type                      Level
   a - Magic Dart                     Conjuration                  1
   b - Blink                          Translocation                2
   c - Call Imp                       Summoning                    2
   d - Slow                           Hexes                        2
   e - Conjure Flame                  Conjuration/Fire             3
   f - Mephitic Cloud                 Conjuration/Poison/Air       3
Comestibles
 h - a royal jelly


   Skills:
 - Level 2.0 Dodging
 - Level 2.6 Stealth
 + Level 3.4 Spellcasting
 * Level 2.6 Conjurations
   Level 1.0 Summonings
   Level 1.0 Translocations


You had 7 spell levels left.
You knew the following spells:

 Your Spells              Type           Power        Failure   Level  Hunger
a - Magic Dart            Conj           ##..         4%          1    None


Dungeon Overview and Level Annotations

Branches:
Dungeon (2/15)

Altars:
Lugonu

Portals:
Abyss: D:1


Innate Abilities, Weirdness & Mutations

You cannot wear most types of armour.
You are very stealthy in the water. (Stealth+)
You are amphibious.
You can wear up to eight rings at the same time.
You can use your tentacles to constrict eight enemies at once.
Your skin changes colour to match your surroundings (Stealth+).
Your rubbery body absorbs attacks. (AC +1, EV +1)
One of your tentacles bears a spike.
You tend to lose your temper in combat.


Message History

Put on which piece of jewellery? (? for menu, Esc to quit)
l - a ring of positive energy (left tentacle)
* * * LOW HITPOINT WARNING * * *
You feel sick.
* * * LOW HITPOINT WARNING * * *
You feel sick.
* * * LOW HITPOINT WARNING * * *
You feel sick.
* * * LOW HITPOINT WARNING * * *
You feel sick.
There is a stone staircase leading up here.
You climb upwards.
* * * LOW HITPOINT WARNING * * *
You feel sick.
There is a stone staircase leading down here.
Okay, then.
You aren't carrying any potions.
You eat one of the 2 bread rations.
That bread ration really hit the spot!
You eat the bread ration.
That bread ration really hit the spot!
You die...

.......##............############
...#.#.######..##.#### #######
##.....######..##.# #......
##.#####.......##># #...... ##.#
#.#####..#.#########......
##.#####.######.#.........'......
..................#########......
##.#######.#####.## #...... #.#
#.# #.@# #.####. #.# #.# ##..#
#.####. #.# #.# #...# ###......
#.# #.# #.#.# #.#...... ##.#
#.###.#.###### #.....### ...#
#.....#......# #.##.## ####
#.###.######.# #.##.#
##########.##..# #.# #.##.#
...........##.## #.# #....####


There were no monsters in sight!

Vanquished Creatures
  An adder (D:2)
  A dart slug (D:1)
  A leopard gecko (D:1)
  2 giant cockroaches
  4 goblins (D:1)
  5 hobgoblins (D:1)
  A jackal (D:1)
  A ball python (D:1)
  A bat (D:1)
  4 kobolds (D:1)
  3 rats (D:1)
24 creatures vanquished.

Notes
Turn   | Place    | Note
-------+----------+-------------------------------------------
     0 | D:1      | Kriby the Octopode Wizard began the quest for the Orb.
     0 | D:1      | Reached XP level 1. HP: 11/11 MP: 4/4
   618 | D:1      | Reached XP level 2. HP: 17/17 MP: 3/6
  1395 | D:1      | Found a one-way gate to the infinite horrors of the Abyss.
  1395 | D:1      | Found a corrupted altar of Lugonu.
  1395 | D:1      | Noticed a demonic crawler
  1397 | D:1      | Noticed a demonic crawler
  1397 | D:1      | Reached XP level 3. HP: 21/21 MP: 4/7
  1398 | D:1      | Noticed a demonic crawler
  1398 | D:1      | Noticed a demonic crawler
  1859 | D:2      | Gained mutation: You tend to lose your temper in combat. [potion of mutation]
  1859 | D:2      | Gained mutation: One of your tentacles bears a spike. [potion of mutation]
  1867 | D:2      | HP: 1/21 [poisoned by an adder]
  1872 | D:1      | Succumbed to an adder's poison

Vault maps used:
D:1:      erik_arrival_cave_to_civilisation
D:2:      nicolae_dithmenos_shadow_blocks, fedhas_altar_1,
          roderic_cross_of_infinity, minmay_small_reverse_x, uniq_terence,
          uniq_natasha

Skill      XL: |  1  2 |
---------------+-------+-----
Conjurations   | 2 |  2.6
Dodging        | |  2.0
Stealth        | |  2.6
Spellcasting   | |  3.4
Summonings     | |  1.0
Translocations | |  1.0

Action                   || total
-------------------------++-------
Melee: Unarmed           ||    16
       Tentacles         ||     5
       Constrict         ||     6
       Short sword       ||     7
 Cast: Magic Dart        ||    55
  Use: Potion            ||     1
  Eat: Chunk             ||     2
       Bread ration      ||     2
Armor: Skin              ||     1
Dodge: Dodged            ||    25
